 Dungeon Crawl Stone Soup version 0.31-a0-152-g6aa68a64a1 (webtiles) character file.

Game seed: 5477576307774941175

650 qw the Shooter (level 7, -3/64 HPs)
             Began as a Naga Hunter on June 10, 2023.
             Slain by a gnoll sergeant
             ... wielding a +1 spear of venom
              (10 damage)
             ... on level 5 of the Dungeon.
             The game lasted 00:01:15 (3567 turns).

qw the Shooter (Naga Hunter)                        Turns: 3567, Time: 00:01:15

Health: -3/64      AC:  4    Str: 13    XL:     7   Next: 53%
Magic:  7/7        EV: 10    Int:  9    God:
Gold:   280        SH:  0    Dex: 17    Spells: 6/6 levels left

rFire   . . .        Y - +2 shortbow (flame)
rCold   . . .        (shield currently unavailable)
rNeg    + . .        o - +0 robe {Will+}
rPois   +            (no helmet)
rElec   .            (no cloak)
rCorr   .            j - +0 pair of gloves
SInv    +            (no barding)
Will    +....        (no amulet)
Stlth   ++           d - ring of positive energy
HPRegen 0.30/turn    (no ring)
MPRegen 0.10/turn

%: no passive effects
@: lethally poisoned (-3 -> -7), about to teleport, very slow
A: AC +2, large, see invisible, deformed body, poison resistance, slowness 2,
spit poison 1, naga tail 1
a: Spit Poison


You were on level 5 of the Dungeon.
You visited 2 branches of the dungeon, and saw 6 of its levels.

You collected 280 gold pieces.


Innate Abilities, Weirdness & Mutations

Your serpentine skin is tough. (AC +2)
You have supernaturally acute eyesight. (SInv)
Armour fits poorly on your strangely shaped body.
Your system is resistant to poisons. (rPois)
You cover ground very slowly.
You can spit poison.
You have a snake-like lower body.


   Skills:
 - Level 4.2 Fighting
 + Level 7.2 Ranged Weapons
 - Level 2.0 Dodging
 - Level 1.5 Stealth


You had 6 spell levels left.
You didn't know any spells.
Your spell library was empty.

Inventory:

Hand Weapons
 Y - a +2 shortbow of flaming (weapon)
Armour
 c - a +0 leather armour
 j - a +0 pair of gloves (worn)
 o - a +0 robe of willpower (worn)
Jewellery
 d - a ring of positive energy (left hand)
Scrolls
 i - a scroll of blinking {unknown}
 l - 2 scrolls of identify
Potions
 a - a potion of heal wounds
 e - 3 potions of curing
 f - a potion of enlightenment {unknown}
 g - a potion of invisibility {unknown}
 h - a potion of berserk rage {unknown}
 k - a potion of lignification {unknown}

Dungeon Overview and Level Annotations

Branches:
Dungeon (5/15)             Temple (1/1) D:4

Altars:
Ashenzari
Dithmenos
Elyvilon
Fedhas
Gozag
Kikubaaqudgha
Makhleb
Qazlal
Ru
Sif Muna
Trog
Wu Jian
Xom
Zin
The Shining One

Shops:
D:1 :


Message History

You shoot an arrow.
The arrow hits the gnoll sergeant but does no damage.
The gnoll sergeant is moderately wounded.
You have got your breath back.
You feel very sick.
The gnoll sergeant hits you from afar with a +1 spear of venom!
3562 ||| INVOKING Spit Poison.
Aiming: Spit Poison (1% risk of failure)
Press: ? - help, Shift-Dir - straight line, f/p - gnoll sergeant The splash of poison hits the gnoll sergeant but does no damage.
The gnoll sergeant is moderately wounded.
You feel very sick.
The gnoll sergeant hits you from afar with a +1 spear of venom.
You shoot an arrow.
The arrow hits the gnoll sergeant but does no damage.
The gnoll sergeant is moderately wounded.
You feel sick.
The gnoll sergeant hits you but does no damage.
You shoot an arrow. The arrow hits the gnoll sergeant.
The arrow burns the gnoll sergeant.
The gnoll sergeant is heavily wounded.
You hear the quick hiss of an avalanche of sand very nearby.
You feel sick.
The gnoll sergeant hits you from afar with a +1 spear of venom.
You shoot an arrow.
The arrow barely misses the gnoll sergeant.
The arrow barely misses the gnoll.
You feel sick. The gnoll sergeant barely misses you.
You shoot an arrow.
The arrow hits the gnoll sergeant but does no damage.
The gnoll sergeant is heavily wounded.
You feel sick.
The gnoll sergeant hits you from afar with a +1 spear of venom!
3567 ||| READING scroll of teleportation.
As you read the scroll of teleportation, it crumbles to dust.
You feel strangely unstable.
You have got your breath back.
You feel sick.
The gnoll sergeant hits you from afar with a +1 spear of venom!
You die... .. #. .. .## gg#

#g# #### #%# #..# #@# ##.#
#.# #.## #.# #..# #.# ##.#
#.# #.# ###### #.# #.#
.....## #.## #.#
####..##########..#######.#
.###......................#


You could see a gnoll sergeant and 2 gnolls.

Vanquished Creatures
  A black bear (D:4)
  A scorpion (D:4)
  A hound (D:5)
  A jelly (D:2)
  An orc priest (D:4)
  Jessica (D:2)
  Terence (D:2)
  3 iguanas
  A sleepcap (D:5)
  12 gnolls
  5 adders
  An ufetubus (D:4)
  A worm (D:3)
  A dart slug (D:3)
  2 orcs
  4 ball pythons
  5 bats
  8 endoplasms
  2 giant cockroaches
  7 goblins
  12 hobgoblins
  7 jackals
  3 quokkas
  A frilled lizard (D:3)
  7 kobolds
  3 rats
92 creatures vanquished.

Notes
Turn   | Place    | Note
-------+----------+-------------------------------------------
     0 | D:1      | qw the Naga Hunter began the quest for the Orb.
     0 | D:1      | Reached XP level 1. HP: 19/19 MP: 1/1
     0 | D:1      | 0 ||| qw: Version: 0.2-a-122-gbc61b45
     0 | D:1      | 0 ||| qw: Game counter: 3496
     0 | D:1      | 0 ||| qw: Always use a shield: true
     0 | D:1      | 0 ||| qw: God list: Okawaru
     0 | D:1      | 0 ||| qw: Allow faded altars: false
     0 | D:1      | 0 ||| qw: Do Orc after D:15 true
     0 | D:1      | 0 ||| qw: Do second Lair branch before Depths: true
     0 | D:1      | 0 ||| qw: Lair rune preference: random
     0 | D:1      | 0 ||| qw: Plans: Normal
     0 | D:1      | 0 ||| PLANNING D:1-11
    10 | D:1      | 10 ||| INVOKING Spit Poison.
    15 | D:1      | 15 ||| INVOKING Spit Poison.
    21 | D:1      | 21 ||| INVOKING Spit Poison.
    77 | D:1      | 77 ||| INVOKING Spit Poison.
    81 | D:1      | Reached skill level 4 in Ranged Weapons
    81 | D:1      | Reached XP level 2. HP: 26/26 MP: 2/2
    96 | D:1      | 96 ||| INVOKING Spit Poison.
   116 | D:1      | 116 ||| INVOKING Spit Poison.
   145 | D:1      | 145 ||| INVOKING Spit Poison.
   165 | D:1      | 165 ||| INVOKING Spit Poison.
   171 | D:1      | 171 ||| INVOKING Spit Poison.
   225 | D:1      | Found Ufif's Book Emporium.
   296 | D:1      | 296 ||| INVOKING Spit Poison.
   337 | D:1      | 337 ||| INVOKING Spit Poison.
   389 | D:1      | 389 ||| INVOKING Spit Poison.
   491 | D:1      | 491 ||| INVOKING Spit Poison.
   621 | D:1      | 621 ||| INVOKING Spit Poison.
   625 | D:1      | Reached XP level 3. HP: 31/32 MP: 3/3
   645 | D:1      | 645 ||| INVOKING Spit Poison.
   650 | D:1      | 650 ||| INVOKING Spit Poison.
   849 | D:1      | 849 ||| INVOKING Spit Poison.
   890 | D:1      | Found a faded altar of an unknown god.
   895 | D:1      | 895 ||| UPGRADING to +0 pair of gloves.
   900 | D:1      | 900 ||| UPGRADING to ring of positive energy.
   901 | D:1      | 901 ||| READING scroll labelled ANI IKHLARI.
   906 | D:1      | 906 ||| READING scroll labelled HUAVVU VUSS.
   907 | D:1      | 907 ||| READING scroll labelled BIUHEC JASUL.
   908 | D:1      | 908 ||| DROPPING scroll of butterflies.
   991 | D:2      | 991 ||| INVOKING Spit Poison.
  1103 | D:2      | 1103 ||| INVOKING Spit Poison.
  1112 | D:2      | 1112 ||| INVOKING Spit Poison.
  1144 | D:2      | Reached skill level 5 in Ranged Weapons
  1144 | D:2      | Reached XP level 4. HP: 27/39 MP: 4/4
  1210 | D:2      | 1210 ||| INVOKING Spit Poison.
  1230 | D:2      | Noticed Terence
  1233 | D:2      | 1233 ||| INVOKING Spit Poison.
  1236 | D:2      | 1236 ||| INVOKING Spit Poison.
  1236 | D:2      | Killed Terence
  1253 | D:2      | 1253 ||| INVOKING Spit Poison.
  1279 | D:2      | 1279 ||| INVOKING Spit Poison.
  1289 | D:2      | 1289 ||| INVOKING Spit Poison.
  1291 | D:2      | Reached XP level 5. HP: 48/48 MP: 5/5
  1293 | D:2      | 1293 ||| INVOKING Spit Poison.
  1294 | D:2      | 1294 ||| INVOKING Spit Poison.
  1337 | D:2      | 1337 ||| INVOKING Spit Poison.
  1338 | D:2      | Reached skill level 3 in Fighting
  1344 | D:2      | 1344 ||| INVOKING Spit Poison.
  1549 | D:2      | Noticed Jessica
  1552 | D:2      | 1552 ||| INVOKING Spit Poison.
  1556 | D:2      | Killed Jessica
  1558 | D:2      | 1558 ||| INVOKING Spit Poison.
  1767 | D:2      | 1767 ||| UPGRADING to +0 robe of willpower.
  1777 | D:2      | 1777 ||| READING scroll labelled XEDUXE ZUYFFE.
  1778 | D:2      | 1778 ||| READING scroll labelled OXEIPS VAXKYMUTYSO.
  1779 | D:2      | 1779 ||| READING scroll labelled FEPNAO SAEG.
  1780 | D:2      | 1780 ||| READING scroll labelled HAOPPI QIZOKAG.
  1781 | D:2      | 1781 ||| READING scroll labelled EPUW OCVAXAID.
  1782 | D:2      | 1782 ||| READING scroll labelled JEULOATS KOKO.
  1783 | D:2      | 1783 ||| DRINKING 2 grey potions.
  1830 | D:3      | 1830 ||| INVOKING Spit Poison.
  1834 | D:3      | 1834 ||| INVOKING Spit Poison.
  1838 | D:3      | 1838 ||| INVOKING Spit Poison.
  1840 | D:3      | 1840 ||| STAIRDANCE
  1865 | D:3      | 1865 ||| INVOKING Spit Poison.
  1878 | D:3      | 1878 ||| INVOKING Spit Poison.
  1898 | D:3      | 1898 ||| INVOKING Spit Poison.
  1904 | D:3      | 1904 ||| INVOKING Spit Poison.
  1921 | D:3      | 1921 ||| INVOKING Spit Poison.
  1982 | D:3      | 1982 ||| INVOKING Spit Poison.
  2025 | D:3      | 2025 ||| INVOKING Spit Poison.
  2027 | D:3      | Reached skill level 6 in Ranged Weapons
  2030 | D:3      | Reached XP level 6. HP: 56/56 MP: 6/6
  2031 | D:3      | 2031 ||| INVOKING Spit Poison.
  2304 | D:3      | 2304 ||| INVOKING Spit Poison.
  2309 | D:3      | 2309 ||| INVOKING Spit Poison.
  2320 | D:3      | 2320 ||| INVOKING Spit Poison.
  2410 | D:3      | 2410 ||| INVOKING Spit Poison.
  2417 | D:3      | Found a glowing golden altar of the Shining One.
  2629 | D:4      | 2629 ||| INVOKING Spit Poison.
  2655 | D:4      | 2655 ||| INVOKING Spit Poison.
  2701 | D:4      | 2701 ||| INVOKING Spit Poison.
  2712 | D:4      | 2712 ||| INVOKING Spit Poison.
  2719 | D:4      | 2719 ||| INVOKING Spit Poison.
  2728 | D:4      | 2728 ||| INVOKING Spit Poison.
  2734 | D:4      | 2734 ||| INVOKING Spit Poison.
  2748 | D:4      | Found a staircase to the Ecumenical Temple.
  2749 | D:4      | 2749 ||| PLANNING TEMPLE
  2749 | D:4      | 2749 ||| INVOKING Spit Poison.
  2753 | D:4      | 2753 ||| INVOKING Spit Poison.
  2754 | D:4      | 2754 ||| READING 2 scrolls labelled FINUR APSO ATUA.
  2755 | D:4      | 2755 ||| READING scroll of enchant weapon.
  2755 | D:4      | 2755 ||| ENCHANTING +1 shortbow of flaming.
  2756 | D:4      | 2756 ||| DRINKING 2 orange potions.
  2764 | Temple   | Entered the Ecumenical Temple
  2815 | Temple   | 2815 ||| PLANNING D:1-11
  2880 | D:4      | Noticed a black bear
  2883 | D:4      | 2883 ||| INVOKING Spit Poison.
  2885 | D:4      | Killed a black bear
  2886 | D:4      | Reached XP level 7. HP: 64/64 MP: 7/7
  3145 | D:5      | Entered Level 5 of the Dungeon
  3146 | D:5      | 3146 ||| PLANNING OSSUARY
  3146 | D:5      | 3146 ||| INVOKING Spit Poison.
  3150 | D:5      | 3150 ||| STAIRDANCE
  3199 | D:5      | 3199 ||| INVOKING Spit Poison.
  3200 | D:5      | 3200 ||| STAIRDANCE
  3202 | D:4      | 3202 ||| INVOKING Spit Poison.
  3363 | D:5      | 3363 ||| INVOKING Spit Poison.
  3368 | D:5      | 3368 ||| INVOKING Spit Poison.
  3370 | D:5      | 3370 ||| STAIRDANCE
  3409 | D:5      | 3409 ||| INVOKING Spit Poison.
  3423 | D:5      | Found a bloodstained altar of Trog.
  3450 | D:5      | Reached skill level 7 in Ranged Weapons
  3476 | D:5      | 3476 ||| INVOKING Spit Poison.
  3495 | D:5      | 3495 ||| INVOKING Spit Poison.
  3498 | D:5      | 3498 ||| INVOKING Spit Poison.
  3549 | D:5      | 3549 ||| INVOKING Spit Poison.
  3555 | D:5      | 3555 ||| INVOKING Spit Poison.
  3559 | D:5      | 3559 ||| INVOKING Spit Poison.
  3562 | D:5      | 3562 ||| INVOKING Spit Poison.
  3566 | D:5      | HP: 16/64 [poisoned by a gnoll sergeant]
  3566 | D:5      | HP: 7/64 [gnoll sergeant/+1 spear of venom (9)]
  3567 | D:5      | 3567 ||| READING scroll of teleportation.
  3567 | D:5      | Slain by a gnoll sergeant

Levels and vault maps discovered:
D:1:      heliophobic_arrival_ceremonial_halls, layout_basic, serial_shops,
          shop, chequers_ecumenical_altar_grove
D:2:      minmay_recursive_quarters, layout_loops_ring, moated_statue,
          guppyfry_early_lair_pool, uniq_terence, uniq_jessica
D:3:      layout_basic, mainiacjoe_overflow_six_doors_small
D:4:      layout_basic, minmay_temple_entry_proselytizer
D:5:      layout_rooms, bloody_trog, lightli_ossuary_entry_decrepit_ruins,
          kennysheep_diamond
Temple:   cyrus_circular_temple

Skill      XL: |  1  2  3  4  5  6  7 |
---------------+----------------------+-----
Ranged Weapons | 4 5 6 7 |  7.2
Fighting       | 3 4 |  4.2
Dodging        | 2 |  2.0
Stealth        | |  1.5

Action                     |  1- 3 |  4- 6 |  7- 9 || total
---------------------------+-------+-------+-------++-------
   Fire: Shortbow          |    51 |    87 |    40 ||   178
Ability: Spit Poison       |    20 |    36 |    13 ||    69
    Use: Scroll            |     3 |     8 |     1 ||    12
         Potion            |       |     2 |       ||     2
 Armour: Leather armour    |     5 |     1 |       ||     6
         Robe              |       |       |     5 ||     5
  Dodge: Dodged            |     7 |     6 |    13 ||    26

Table legend:
 A = Non-vault XP
 B = Vault XP
 C = Vault XP percentage of total XP
 D = Non-vault monster count
 E = Vault monster count
 F = Vault count percentage of total count
                 A         B        C        D         E       F
            +---------+---------+-------+---------+---------+-------
      Total |     806 |     123 |  13.2 |      84 |       8 |   8.7
            +---------+---------+-------+---------+---------+-------
        D:1 |      40 |       0 |   0.0 |      21 |       0 |   0.0
        D:2 |      97 |      83 |  46.1 |      13 |       7 |  35.0
        D:3 |     138 |       0 |   0.0 |      20 |       0 |   0.0
        D:4 |     328 |      40 |  10.9 |      19 |       1 |   5.0
        D:5 |     203 |       0 |   0.0 |      11 |       0 |   0.0
            +---------+---------+-------+---------+---------+-------
